 Dungeon Crawl Stone Soup version 0.22-a0-769-g178e55541d (webtiles) character file.

165 Htamos the Conjurer (level 5, -1/31 HPs)
             Began as an Octopode Conjurer on July 17, 2018.
             Slain by an orc
             ... wielding a +0 short sword
              (5 damage)
             ... on level 3 of the Dungeon.
             The game lasted 00:05:45 (3683 turns).

Htamos the Conjurer (Octopode Conjurer)             Turns: 3683, Time: 00:05:45

Health: -1/31      AC:  1    Str:  7    XL:     5   Next: 46%
Magic:  10/11      EV: 13    Int: 20    God:
Gold:   88         SH:  0    Dex: 13    Spells: 11/12 levels left

rFire    . . .     SeeInvis .   s - +3 trident (flame)
rCold    . . .     Gourm    .   (no shield)
rNeg     . . .     Faith    .   (helmet restricted)
rPois    .         Spirit   .   (no amulet)
rElec    .         Reflect  .   i - ring of stealth
rCorr    .         Harm     .   o - +2 ring of intelligence
MR       .....                  (no ring)
Stlth    ++++......             (no ring)
HPRegen  0.10/turn              (no ring)
MPRegen  0.12/turn              (no ring)
                                (no ring)
                                (no ring)

@: no status effects
A: almost no armour, stealthy swim, amphibious, 8 rings, constrict 8, camouflage
1, gelatinous body 1
a: no special abilities


You were on level 3 of the Dungeon.
You were not hungry.

You visited 1 branch of the dungeon, and saw 3 of its levels.

You collected 88 gold pieces.

Inventory:

Hand Weapons
 d - a +0 hand axe
 r - a +0 blowgun
 s - a +3 trident of flaming (weapon)
Missiles
 c - a throwing net (quivered)
 v - 8 poisoned needles
Jewellery
 i - a ring of stealth (left tentacle)
 o - a +2 ring of intelligence (right tentacle)
Scrolls
 a - a scroll of blinking
 n - a scroll of amnesia {unknown}
 p - a scroll of fog {unknown}
 t - a scroll of teleportation
Potions
 e - 2 potions of curing {unknown}
 f - a potion of ambrosia {unknown}
 g - a potion of heal wounds {unknown}
 h - a potion of mutation {unknown}
 j - a potion of haste {unknown}
 k - 2 potions of degeneration {unknown}
 m - 2 potions of might {unknown}
 u - a potion of berserk rage {unknown}
Comestibles
 b - 4 rations
 l - a chunk of flesh


   Skills:
 - Level 2.3 Dodging
 - Level 3.2 Stealth
 * Level 4.0 Spellcasting
 + Level 4.9 Conjurations


You had 11 spell levels left.
You knew the following spells:

 Your Spells              Type           Power        Failure   Level  Hunger
a - Magic Dart            Conj           ###.         1%          1    None

Your spell library contained the following spells:

 Spells                   Type           Power        Failure   Level  Hunger
 Iskenderun's Mystic Bla  Conj           ###.....     17%         4    ####...
 Fulminant Prism          Conj/Hex       ##........   43%         4    ####...
 Dazzling Spray           Conj/Hex       ##....       14%         3    ###....
 Force Lance              Conj/Tloc      ##......     43%         4    ####...
 Searing Ray              Conj           ###...       2%          2    #......


Dungeon Overview and Level Annotations

Branches:
Dungeon (3/15)

Altars:
Dithmenos
Gozag
Okawaru


Innate Abilities, Weirdness & Mutations

You cannot wear most types of armour.
You are very stealthy in the water. (Stealth+)
You are amphibious.
You can wear up to eight rings at the same time.
You can use your tentacles to constrict eight enemies at once.
Your skin changes colour to match your surroundings (Stealth+).
Your rubbery body absorbs attacks. (AC +1, EV +1)


Message History

Your Spellcasting skill increases to level 4!
You closely miss the orc. You grab the orc. You squeeze the orc.
The orc is severely wounded.
You constrict the orc, but do no damage.
The orc hits you but does no damage. The orc barely misses you.
You hit the orc but do no damage.
The orc is severely wounded.
You constrict the orc, but do no damage.
The orc hits you with a short sword.
* * * LOW HITPOINT WARNING * * *
You hit the orc but do no damage.
The orc is severely wounded.
You constrict the orc, but do no damage.
The orc hits you with a short sword.
* * * LOW HITPOINT WARNING * * *
You hit the orc but do no damage.
The orc is severely wounded.
You constrict the orc, but do no damage.
The orc hits you with a short sword.
You die...

##.## ##>......#
..?# #........[
.... +......... ..#
#......... .o#
##.......# #o#
##.....## #.#
##...## #####.#
##'## #.@o..# #.#
#.##### #.# #.#
##.#### #.# #####
##...... #.# #...#
#.....##
#.###...#####...###
#........[####.##..
###...............#
#.......####.####


You could see an orc.

Vanquished Creatures
  An orc wizard (D:3)
  6 adders
  2 oozes
  2 dart slugs
  A leopard gecko (D:3)
  13 orcs (D:3)
  2 giant cockroaches
  3 goblins
  6 hobgoblins
  A jackal (D:3)
  9 kobolds
  A quokka (D:3)
  4 bats
  4 frilled lizards
  6 rats
61 creatures vanquished.

Notes
Turn   | Place    | Note
-------+----------+-------------------------------------------
     0 | D:1      | Htamos the Octopode Conjurer began the quest for the Orb.
     0 | D:1      | Reached XP level 1. HP: 11/11 MP: 3/3
   342 | D:1      | Reached XP level 2. HP: 17/17 MP: 3/5
  1324 | D:2      | Reached XP level 3. HP: 21/21 MP: 1/6
  1499 | D:2      | Found a shadowy altar of Dithmenos.
  1597 | D:2      | Found an opulent altar of Gozag.
  1597 | D:2      | Found an iron altar of Okawaru.
  1842 | D:2      | Reached XP level 4. HP: 27/27 MP: 5/8
  3346 | D:3      | Reached XP level 5. HP: 31/31 MP: 5/10
  3683 | D:3      | Slain by an orc

Vault maps used:
D:1:      dpeg_arrival_yet_another_circle
D:2:      gammafunk_temple_overflow_forgotten
D:3:      st_stairs_6

Skill      XL: |  1  2  3  4  5 |
---------------+----------------+-----
Stealth        | 3 |  3.2
Spellcasting   | 3 4 |  4.0
Dodging        | |  2.3
Conjurations   | |  4.9

Action                   |  1- 3 |  4- 6 || total
-------------------------+-------+-------++-------
Melee: Unarmed           |     3 |     3 ||     6
       Constrict         |     1 |     5 ||     6
       Trident           |       |    23 ||    23
       Tentacles         |       |     1 ||     1
 Fire: Blowgun           |       |     8 ||     8
 Cast: Magic Dart        |    52 |    74 ||   126
  Use: Scroll            |     3 |     4 ||     7
  Eat: Chunk             |     3 |     6 ||     9
Armor: Skin              |     1 |     1 ||     2
Dodge: Dodged            |     3 |    21 ||    24

Table legend:
 A = Spawn XP
 B = Non-spawn XP
 C = Spawn XP percentage of total XP
 D = Spawn monster count
 E = Non-spawn monster count
 F = Spawn count percentage of total count
 G = Total turns spent on level
                    A         B        C        D         E        F      G
               +---------+---------+-------+---------+---------+-------+---------
         Total |       0 |     236 |   0.0 |       0 |      61 |   0.0 |  3683
               +---------+---------+-------+---------+---------+-------+---------
           D:1 |       0 |      27 |   0.0 |       0 |      18 |   0.0 |  1207
           D:2 |       0 |      69 |   0.0 |       0 |      12 |   0.0 |   959
           D:3 |       0 |     140 |   0.0 |       0 |      31 |   0.0 |  1517
               +---------+---------+-------+---------+---------+-------+---------
